 Dungeon Sprint DCSS version 0.28.0-53-g5a82cb258f (webtiles) character file.

Game seed: 510159245749731939

1385 Groucho the Arsonist (level 8, -8/68 HPs)
             Began as a Gnoll Wanderer on June 7, 2022.
             Was a Believer of Qazlal.
             Mangled by a yellow draconian
             ... wielding a +0 flail
              (14 damage)
             ... in the Dungeon (Sprint V: "Ziggurat Sprint").
             The game lasted 00:02:17 (1145 turns).

Groucho the Arsonist (Gnoll Wanderer)               Turns: 1145, Time: 00:02:18

Health: -8/68      AC: 28    Str: 20    XL:     8   Next: 67%
Magic:  20/20      EV:  2    Int: 13    God:    Qazlal [**....]
Gold:   0          SH: 32    Dex: 16    Spells: 24/24 levels left

rFire   . . .      SeeInvis +   C - +14 obsidian axe {vorpal, Mesm Drain Fly SInv}
rCold   . . .      Faith    .   E - +18 shield of the Gong {rElec rN+ Will+ EV-5}
rNeg    + . .      Spirit   .   D - +15 Maxwell's patent armour {-Cast -Tele rElec Will+ rCorr}
rPois   .          Reflect  .   (no helmet)
rElec   +          Harm     .   (no cloak)
rCorr   +          Rampage  .   (no gloves)
Will    ++...      NoTele   +   (no boots)
Stlth   .......... NoCast   +   (no amulet)
HPRegen 0.21/turn               A - +6 ring of strength
MPRegen 0.17/turn               B - +6 ring of strength

@: flying, mesmerised, slowed, studying Unarmed Combat, very slow
A: fangs 1, strong nose, distributed training
a: Renounce Religion, Upheaval


You were in the Dungeon.
You worshipped Qazlal.
Qazlal was pleased with you.
You visited 1 branch

Inventory:

Hand Weapons
 C - the +14 obsidian axe (weapon) {vorpal, Mesm Drain Fly SInv}
   (You found it in the Dungeon)

   It inflicts extra damage upon your enemies.
   It occasionally summons demons to assist the wielder when it strikes in
   combat.
   Its wielder is mesmerised by any visible foes.
   It cannot be unequipped while any foes are visible.
   SInv:      It lets you see invisible.
   Fly:       It grants you flight.
   Drain:     It drains your maximum health when unequipped.
Armour
 a - +5 gold dragon scales
 D - the +15 Maxwell's patent armour (worn) {-Cast -Tele rElec Will+ rCorr}
   (You found it in the Dungeon)

   rElec:     It insulates you from electricity.
   -Cast:     It prevents spellcasting.
   -Tele:     It prevents most forms of teleportation.
   rCorr:     It protects you from acid and corrosion.
   Will:      It increases your willpower.
 E - the +18 shield of the Gong (worn) {rElec rN+ Will+ EV-5}
   (You found it in the Dungeon)

   It is deafeningly noisy when blocking attacks.
   EV:        It affects your evasion (-5).
   rElec:     It insulates you from electricity.
   rN:        It protects you from negative energy.
   Will:      It increases your willpower.
Jewellery
 v - a ring of flight
 w - a +6 ring of dexterity
 x - a +6 ring of dexterity
 y - a +6 ring of intelligence
 z - a +6 ring of intelligence
 A - a +6 ring of strength (left hand)
 B - a +6 ring of strength (right hand)
 F - the ring "Deobuxom" {+Blink rC+ Str+2 Int+4}
   (You found it in the Dungeon)

   [ring of protection from cold]

   Str:       It affects your strength (+2).
   Int:       It affects your intelligence (+4).
   rC:        It protects you from cold.
   +Blink:    It lets you blink.
Wands
 s - a wand of mindburst (7)
 t - a wand of iceblast (7)
 u - a wand of acid (7)
Scrolls
 c - a scroll of vulnerability
 i - 4 scrolls of blinking
 n - 4 scrolls of amnesia
 o - 7 scrolls of fog
 p - a scroll of holy word
 q - 5 scrolls of identify
 r - 2 scrolls of fear
Potions
 b - 2 potions of brilliance
 d - 10 potions of curing
 e - 10 potions of heal wounds
 f - 6 potions of haste
 g - 7 potions of magic
 h - 3 potions of berserk rage
 j - 2 potions of invisibility
 k - 4 potions of resistance
 l - a potion of experience
 m - 5 potions of might


   Skills:
 + Level 8.2 Fighting
 + Level 6.7 Short Blades
 + Level 6.7 Long Blades
 + Level 6.7 Axes
 + Level 6.7 Maces & Flails
 + Level 6.7 Polearms
 + Level 6.7 Staves
 + Level 6.7 Slings
 + Level 6.7 Bows
 + Level 6.7 Crossbows
 + Level 6.7 Throwing
 + Level 7.3 Armour
 + Level 6.7 Dodging
 + Level 7.2 Stealth
 + Level 6.7 Shields
 + Level 7.6 Unarmed Combat
 + Level 8.5 Spellcasting
 + Level 5.6 Conjurations
 + Level 5.6 Hexes
 + Level 5.6 Summonings
 + Level 5.6 Necromancy
 + Level 5.6 Translocations
 + Level 5.6 Transmutations
 + Level 9.1 Fire Magic
 + Level 5.6 Ice Magic
 + Level 5.6 Air Magic
 + Level 5.6 Earth Magic
 + Level 5.6 Poison Magic
 + Level 7.4 Invocations
 + Level 6.7 Evocations


You had 24 spell levels left.
You didn't know any spells.
Your spell library contained the following spells:

 Spells                   Type           Power      Damage    Failure   Level
 Foxfire                  Conj/Fire      96%        2x1d8     34%         1
 Summon Small Mammal      Summ           80%        N/A       58%         1
 Conjure Flame            Conj/Fire      24%        6-21      71%         3
 Inner Flame              Hex/Fire       24%        N/A       71%         3
 Call Canine Familiar     Summ           20%        N/A       91%         3
 Animate Armour           Summ/Erth      40%        N/A       100%        4
 Blade Hands              Tmut           10%        N/A       100%        5
 Iron Shot                Conj/Erth      10%        9d3       100%        6


Dungeon Overview and Level Annotations

Branches:
Dungeon (1/1)

Altars:
Ashenzari
Cheibriados
Dithmenos
Elyvilon
Fedhas
Gozag
Hepliaklqana
Kikubaaqudgha
Makhleb
Nemelex Xobeh
Okawaru
Qazlal
Ru
Sif Muna
Trog
Uskayaw
Vehumet
Wu Jian
Xom
Yredelemnul
Zin
The Shining One
Beogh
Jiyva
Lugonu

Annotations:
D 1 transporter


Innate Abilities, Weirdness & Mutations

You have very sharp teeth.
Your uncanny sense of smell can sniff out nearby items.
Your experience applies equally to all skills.


Message History

The yellow draconian hits you with a +0 flail.
Unknown command.
You barely miss the death cob.
The death cob is lightly damaged.
You slash the draconian! You slash the yellow draconian!
You hit the draconian but do no damage. You block the death cob's attack.
BONNNG!
The death cob hits you! The death cob drains your vigour!
You feel yourself slow down.
The death cob hits you but does no damage.
You block the draconian's attack.
BONNNG!
You block the yellow draconian's attack.
PANG!
The draconian hits you but does no damage.
The death cob hits you!
* * * LOW HITPOINT WARNING * * *
Unknown command.
You slash the yellow draconian!
The yellow draconian is heavily wounded.
You slash the draconian! You slash the death cob!
You hit the draconian but do no damage.
Visions of slaying the draconian flood into your mind.
You block the death cob's attack.
GONNNNG!
You block the death cob's attack.
GONNNNG!
The death cob hits you but does no damage.
The draconian hits you but does no damage.
The death cob hits you but does no damage.
You block the yellow draconian's attack.
SHROANNG!
The draconian hits you but does no damage.
The death cob hits you!
* * * LOW HITPOINT WARNING * * *
The death cob drains your vigour!
You feel as though you will be slow longer.
The draconian hits you but does no damage.
The yellow draconian hits you with a +0 flail!
You die...

▓..©..▓..©..▓▓▓▓▓▓▓
▓▓▓▓▓▓▓▓▓▓▓▓▓▓
▓..8©8...▓
▓..})=...▓ ∆∆∆
▓..."....▓ ∆ ∆
▓........▓
........▓ ∆
▓.▓dzd.▓.▓ ∆
▓..d@....▓
▓▓▓▓▓▓▓▓▓▓ ∆∆∆∆ ∆∆∆


You could see a yellow draconian, a death cob and 2 draconians.

Vanquished Creatures
  A guardian serpent (D)
  An orange demon (D)
  A tarantella (D)
  A jumping spider (D)
  2 air elementals (D)
  A scorpion (D)
  A shadow imp (D)
8 creatures vanquished.

Vanquished Creatures (collateral kills)
  A quasit (D)
1 creature vanquished.

Grand Total: 9 creatures vanquished

Notes
Turn   | Place    | Note
-------+----------+-------------------------------------------
     0 | D        | Groucho the Gnoll Wanderer began the quest for the Orb.
     0 | D        | Groucho set off with the following items: a +0 dagger, a +0
                  | robe, a scroll of vulnerability, a potion of curing, a
                  | potion of heal wounds, a potion of haste, 2 potions of
                  | magic, a potion of berserk rage, a scroll of blinking; and
                  | the following spells available to memorise: Foxfire,
                  | Conjure Flame, Inner Flame, Summon Small Mammal, Call
                  | Canine Familiar
     0 | D        | Reached XP level 1. HP: 20/20 MP: 6/6
    10 | D        | Found a blossoming altar of Fedhas.
    10 | D        | Found the +6 Majin-Bo {vamp, MP+6 Int+6}
    10 | D        | Found the +9 heavy crossbow "Sniper" {vorpal, Acc+∞ SInv}
    10 | D        | Found the +10 dark maul {vorpal}
    10 | D        | Found the +15 Maxwell's patent armour {-Cast -Tele rElec
                  | Will+ rCorr}
    10 | D        | Found the +18 shield of the Gong {rElec rN+ Will+ EV-5}
    10 | D        | Found the +14 obsidian axe {vorpal, Mesm Drain Fly SInv}
    10 | D        | Found the +7 great mace "Firestarter" {inner flame, rF++}
    10 | D        | Found the +6 shillelagh "Devastator" {shatter}
    10 | D        | Found the +11 plutonium sword {Contam Stlth-}
    10 | D        | Found the +8 lance "Wyrmbane" {slay drac, rPois rF+ rC+
                  | AC+3}
    10 | D        | Found the +9 sword of Zonguldrok {reap}
    10 | D        | Found the +13 scythe of Curses {drain, Drain}
    10 | D        | Found the +5 sword of Power {vorpal}
    10 | D        | Found the +7 mace of Variability {chain chaos}
    10 | D        | Found the +7 Singing Sword {vorpal, sonic wave}
    10 | D        | Found the +8 storm bow {elec, penet}
    13 | D        | Found a shimmering blue altar of Sif Muna.
    13 | D        | Found a sacrificial altar of Ru.
    13 | D        | Found a bloodstained altar of Trog.
    13 | D        | Found a stormy altar of Qazlal.
    13 | D        | Found an iron altar of Okawaru.
    13 | D        | Found a sparkling altar of Nemelex Xobeh.
    15 | D        | Found a transporter.
    15 | D        | Found an ancient bone altar of Kikubaaqudgha.
    15 | D        | Found a viscous altar of Jiyva.
    15 | D        | Found a corrupted altar of Lugonu.
    15 | D        | Found a hazy altar of Hepliaklqana.
    15 | D        | Found a burning altar of Makhleb.
    15 | D        | Found an opulent altar of Gozag.
    41 | D        | Became a worshipper of Qazlal Stormbringer
    75 | D        | Entered arena 2.
    75 | D        | Noticed an air elemental
    75 | D        | Noticed an air elemental
    75 | D        | Found a transporter.
    75 | D        | Paralysed by an air elemental for 1 turns
    76 | D        | Killed an air elemental
    77 | D        | Reached skill level 5 in Fighting
    77 | D        | Reached XP level 2. HP: 20/28 MP: 7/9
    77 | D        | Reached XP level 3. HP: 24/34 MP: 7/10
    77 | D        | Reached XP level 4. HP: 29/40 MP: 8/12
    77 | D        | Reached XP level 5. HP: 33/46 MP: 8/13
    78 | D        | Paralysed by an air elemental for 1 turns
    82 | D        | Killed an air elemental
    83 | D        | Reached skill level 5 in Armour
    83 | D        | Reached skill level 5 in Stealth
    83 | D        | Reached skill level 8 in Fire Magic
    83 | D        | Reached XP level 6. HP: 21/53 MP: 9/15
   571 | D        | Entered arena 3.
   571 | D        | Noticed a tarantella
   571 | D        | Noticed a jumping spider
   571 | D        | Found a transporter.
   576 | D        | Reached * piety under Qazlal
   577 | D        | Reached skill level 5 in Invocations
   580 | D        | Killed a tarantella
   581 | D        | Reached skill level 5 in Short Blades
   581 | D        | Reached skill level 5 in Long Blades
   581 | D        | Reached skill level 5 in Axes
   581 | D        | Reached skill level 5 in Maces & Flails
   581 | D        | Reached skill level 5 in Polearms
   581 | D        | Reached skill level 5 in Staves
   581 | D        | Reached skill level 5 in Slings
   581 | D        | Reached skill level 5 in Bows
   581 | D        | Reached skill level 5 in Crossbows
   581 | D        | Reached skill level 5 in Throwing
   581 | D        | Reached skill level 5 in Dodging
   581 | D        | Reached skill level 5 in Shields
   581 | D        | Reached skill level 5 in Unarmed Combat
   581 | D        | Reached skill level 5 in Evocations
   581 | D        | Reached XP level 7. HP: 46/60 MP: 15/17
   586 | D        | Killed a jumping spider
   649 | D        | Entered arena 4.
   649 | D        | Noticed a guardian serpent
   649 | D        | Noticed an orange demon
   649 | D        | Found a transporter.
   652 | D        | Killed an orange demon
   652 | D        | Reached ** piety under Qazlal
   653 | D        | Reached skill level 5 in Conjurations
   653 | D        | Reached skill level 5 in Hexes
   653 | D        | Reached skill level 5 in Summonings
   653 | D        | Reached skill level 5 in Necromancy
   653 | D        | Reached skill level 5 in Translocations
   653 | D        | Reached skill level 5 in Transmutations
   653 | D        | Reached skill level 5 in Ice Magic
   653 | D        | Reached skill level 5 in Air Magic
   653 | D        | Reached skill level 5 in Earth Magic
   653 | D        | Reached skill level 5 in Poison Magic
   653 | D        | Reached XP level 8. HP: 48/68 MP: 20/20
   654 | D        | Killed a guardian serpent
   655 | D        | Reached skill level 9 in Fire Magic
  1137 | D        | Got the ring "Deobuxom" {+Blink rC+ Str+2 Int+4}
  1139 | D        | Entered arena 5.
  1139 | D        | Noticed a draconian
  1139 | D        | Noticed a death cob
  1139 | D        | Noticed a draconian
  1139 | D        | Noticed a yellow draconian
  1139 | D        | Found a transporter.
  1145 | D        | Mangled by a yellow draconian

Illustrated notes

Levels and vault maps discovered:
D:        sprint_v [room_start, room_1, room_2, room_3, room_4, room_5, room_6,
          room_7, room_8, room_9, room_10, room_11, room_12, room_13, room_14,
          room_15, room_16, room_17, room_18, room_19, room_20, room_21,
          room_22, room_23, room_24, room_25, room_26, room_27]

Skill      XL: |  1  2  3  4  5  6  7  8 |
---------------+-------------------------+-----
Fighting       | 5 6 7 8 |  8.2
Short Blades   | 3 4 5 6 |  6.7
Long Blades    | 3 4 5 6 |  6.7
Axes           | 3 4 5 6 |  6.7
Maces & Flails | 3 4 5 6 |  6.7
Polearms       | 3 4 5 6 |  6.7
Staves         | 3 4 5 6 |  6.7
Slings         | 3 4 5 6 |  6.7
Bows           | 3 4 5 6 |  6.7
Crossbows      | 3 4 5 6 |  6.7
Throwing       | 3 4 5 6 |  6.7
Armour         | 4 5 6 7 |  7.3
Dodging        | 3 4 5 6 |  6.7
Stealth        | 4 5 6 7 |  7.2
Shields        | 3 4 5 6 |  6.7
Unarmed Combat | 3 4 5 6 7 |  7.6
Spellcasting   | 6 7 8 |  8.5
Conjurations   | 2 3 4 5 |  5.6
Hexes          | 2 3 4 5 |  5.6
Summonings     | 2 3 4 5 |  5.6
Necromancy     | 2 3 4 5 |  5.6
Translocations | 2 3 4 5 |  5.6
Transmutations | 2 3 4 5 |  5.6
Ice Magic      | 2 3 4 5 |  5.6
Air Magic      | 2 3 4 5 |  5.6
Earth Magic    | 2 3 4 5 |  5.6
Poison Magic   | 2 3 4 5 |  5.6
Invocations    | 3 4 5 6 7 |  7.4
Evocations     | 3 4 5 6 |  6.7
Fire Magic     | 8 9 |  9.1

Action                   |  1- 3 |  4- 6 |  7- 9 || total
-------------------------+-------+-------+-------++-------
Melee: Broad axe         |     1 |    12 |    12 ||    25
       Bite              |       |       |     1 ||     1
Armor: Plate armour      |     3 |    30 |    25 ||    58
Dodge: Dodged            |       |     1 |     1 ||     2
Block: Kite shield       |     1 |    29 |    39 ||    69
